 Dungeon Crawl Stone Soup version 0.29.1-2-gbd0b4ee654 (webtiles) character file.

Game seed: 1317200314444327814

25 Firos the Insei (level 3, -1/23 HPs)
             Began as an Octopode Transmuter on Nov 7, 2022.
             Engulfed by a cloud of flame (24 damage)
             ... on level 1 of the Dungeon.
             The game lasted 00:01:26 (850 turns).

Firos the Insei (Octopode Transmuter)                Turns: 850, Time: 00:01:27

Health: -1/23      AC:  1    Str:  9    XL:     3   Next: 4%
Magic:  6/6        EV: 13    Int: 17    God:
Gold:   14         SH:  0    Dex: 12    Spells: 3/6 levels left

rFire   . . .      SeeInvis .     - Unarmed
rCold   . . .      Faith    .   (no shield)
rNeg    . . .      Spirit   .   (helmet restricted)
rPois   .          Reflect  .   (no amulet)
rElec   .          Harm     .   (no ring)
rCorr   .          Rampage  .   (no ring)
Will    .....                   (no ring)
Stlth   ++........              (no ring)
HPRegen 0.07/turn               (no ring)
MPRegen 0.10/turn               (no ring)
                                (no ring)
                                (no ring)

@: no status effects
A: almost no armour, amphibious, 8 rings, camouflage 1, gelatinous body 1,
(nimble swimmer 1), tentacles
a: no special abilities


You were on level 1 of the Dungeon.
You visited 1 branch of the dungeon, and saw 1 of its levels.

You collected 14 gold pieces.

Inventory:

Potions
 a - a potion of lignification
 b - a potion of heal wounds {unknown}
 c - 2 potions of curing {unknown}
 d - 2 potions of brilliance {unknown}


   Skills:
 - Level 1.0 Fighting
 - Level 2.0 Dodging
 - Level 3.0 Unarmed Combat
 + Level 2.4 Spellcasting
 * Level 3.0 Transmutations


You had 3 spell levels left.
You knew the following spells:

 Your Spells              Type           Power      Damage    Failure   Level
a - Beastly Appendage     Tmut           24%        N/A       5%          1
b - Wereblood             Tmut           12%        N/A       8%          2

Your spell library contained the following spells:

 Spells                   Type           Power      Damage    Failure   Level
 Spider Form              Tmut/Pois      7%         N/A       30%         3
 Ice Form                 Ice/Tmut       7%         N/A       69%         4


Dungeon Overview and Level Annotations

Branches:
Dungeon (1/15)

Altars:


Innate Abilities, Weirdness & Mutations

You cannot wear most types of armour.
You are amphibious.
You can wear up to eight rings at the same time.
Your skin changes colour to match your surroundings (Stealth+).
Your rubbery body absorbs attacks. (AC +1, EV +1)
((You are camouflaged when in or above water. (Stealth+)))
You have tentacles for arms and can constrict up to eight enemies at once.


Message History

You constrict the goblin. The bat hits you but does no damage.
The goblin hits you with a +0 dagger.
You tentacle-slap the goblin.
You feel a bit better.
You kill the goblin!
The bat hits you.
You have reached level 3!
Your experience leads to an increase in your attributes!
Increase (S)trength, (I)ntelligence, or (D)exterity?
You feel clever. x2
There's nothing to open nearby.
You miss the bat. You grab the bat. You constrict the bat.
The bat closely misses you.
The bat struggles to escape constriction.
The bat escapes!
The bat hits you but does no damage.
Your transformation is almost over.
The bat closely misses you.
You miss the bat. You grab the bat.
Your tentacle spike misses the bat.
The bat is moderately wounded.
You howl as the wereblood boils in your veins!
You constrict the bat. The bat barely misses you.
The bat struggles to escape constriction. x2
You tentacle-slap the bat.
You feel a bit better.
You kill the bat!
Your tentacle spike disappears.
You howl as the wereblood boils in your veins!
Your primal bloodlust is almost over.
Your primal bloodlust has ended.
Things that are here:
a +0 dagger; a goblin corpse You now have 14 gold pieces.
Found a buckler.
A ball python comes into view.
The ball python hisses angrily.
The ball python is engulfed in blazing flames.
The ball python dies!
Really wriggle into a travel-excluded area?
You are engulfed in blazing flames.
Ouch! That really hurt!
You die...

##########
##........##
#..#####...#
#.## #☼@○#
#.# #§☼☼#
#.# #§§§#
#.# #...# #
#.# .$...§.
# #.#
§.$...§ #
#.# ☼...$.☼
# ####.##
###...### #
###.....#
#§.§#


There were no monsters in sight!

Vanquished Creatures
  2 ball pythons (D:1)
  4 endoplasms (D:1)
  2 giant cockroaches (D:1)
  4 hobgoblins (D:1)
  3 bats (D:1)
  4 goblins (D:1)
  2 kobolds (D:1)
21 creatures vanquished.

Vanquished Creatures (others)
  A ball python (D:1)
1 creature vanquished.

Grand Total: 22 creatures vanquished

Notes
Turn   | Place    | Note
-------+----------+-------------------------------------------
     0 | D:1      | Firos the Octopode Transmuter began the quest for the Orb.
     0 | D:1      | Reached XP level 1. HP: 13/13 MP: 3/3
   161 | D:1      | Reached XP level 2. HP: 15/18 MP: 5/5
   547 | D:1      | Learned a level 2 spell: Wereblood
   715 | D:1      | Reached XP level 3. HP: 16/23 MP: 2/6
   850 | D:1      | Engulfed by a cloud of flame

Illustrated notes

Levels and vault maps discovered:
D:1:      dpeg_cavernosity, layout_rooms, chequers_serial_rivers_micro_e,
          minmay_fountain_box, lemuel_flame_loot_1

Skill      XL: |  1  2 |
---------------+-------+-----
Transmutations | 3 |  3.0
Fighting       | |  1.0
Dodging        | |  2.0
Unarmed Combat | |  3.0
Spellcasting   | |  2.4

Action                   || total
-------------------------++-------
Melee: Unarmed           ||    48
       Tentacles         ||     9
       Constrict         ||     9
       Kick              ||     3
 Cast: Beastly Appendage ||     6
       Wereblood         ||     1
 Stab: Sleeping          ||     1
Armor: Skin              ||     6
Dodge: Dodged            ||    37
